 Dungeon Crawl Stone Soup version 0.19-a0-1841-gf1e0166 (webtiles) character file.

709 Proteus the Covert (level 7, -1/33 HPs)
             Began as a Spriggan Assassin on Oct 9, 2016.
             Was an Initiate of Okawaru.
             Succumbed to an orc wizard's poison
             ... on level 5 of the Dungeon.
             The game lasted 00:22:08 (5552 turns).

Proteus the Covert (Spriggan Assassin)              Turns: 5552, Time: 00:22:08

Health: -1/33      AC:  4    Str:  7    XL:     7   Next: 40%
Magic:  8/8        EV: 17    Int: 13    God:    Okawaru [......]
Gold:   250        SH:  0    Dex: 21    Spells: 1 memorised, 4 levels left

rFire  + . .     SeeInvis +     a - +2 dagger
rCold  + . .     Gourm    .     c - +0 robe
rNeg   . . .     Faith    .     (shield restricted)
rPois  .         Spirit   .     (helmet restricted)
rElec  .         Dismiss  .     d - +1 cloak
rCorr  .         Reflect  .     (gloves unavailable)
MR     +....     Harm     .     (boots unavailable)
Stlth  ++++++....               (no amulet)
                                j - +2 ring of dexterity
                                i - ring of flight

@: lethally poisoned (-1 -> -20), about to teleport, very slightly contaminated,
very quick
A: unfitting armour, see invisible, cold resistance 1, fire resistance 1,
herbivore 3, speed 3, slow metabolism 2, wild magic 1
a: Renounce Religion, Evoke Flight


You were on level 5 of the Dungeon.
You worshipped Okawaru.
Okawaru was noncommittal.
You were full.

You visited 2 branches of the dungeon, and saw 6 of its levels.

You collected 250 gold pieces.

Inventory:

Hand Weapons
 a - a +2 dagger (weapon)
 b - a +0 blowgun
Missiles
 e - 33 poisoned needles
Armour
 c - a +0 robe (worn)
 d - a +1 cloak (worn)
Jewellery
 i - a ring of flight (left hand)
 j - a +2 ring of dexterity (right hand)
Wands
 m - a wand of polymorph (1/24)
Scrolls
 l - a scroll of identify
 n - 2 scrolls of recharging
 o - a scroll of remove curse
Books
 f - a book of Minor Magic

   Spells                             Type                      Level
   a - Magic Dart                     Conjuration                  1
   b - Blink                          Translocation                2
   c - Call Imp                       Summoning                    2
   d - Repel Missiles                 Charms/Air                   2
   e - Slow                           Hexes                        2
   f - Conjure Flame                  Conjuration/Fire             3
   g - Mephitic Cloud                 Conjuration/Poison/Air       3
 q - a book of Flames

   Spells                             Type                      Level
   a - Flame Tongue                   Conjuration/Fire             1
   b - Throw Flame                    Conjuration/Fire             2
   c - Conjure Flame                  Conjuration/Fire             3
   d - Inner Flame                    Hexes/Fire                   3
   e - Sticky Flame                   Conjuration/Fire             4
   f - Fireball                       Conjuration/Fire             5
Comestibles
 g - 5 bread rations
 k - a royal jelly


   Skills:
 + Level 1.5 Fighting
 + Level 2.2 Short Blades
 + Level 2.0 Throwing
 + Level 1.5 Dodging
 + Level 13.3 Stealth


You had 4 spell levels left.
You knew the following spells:

 Your Spells              Type           Power        Failure   Level  Hunger
a - Blink                 Tloc           N/A          56%         2    ###....


Dungeon Overview and Level Annotations

Branches:
Dungeon (5/15)             Temple (1/1) D:4

Altars:
Ashenzari
Cheibriados
Dithmenos
Elyvilon
Fedhas
Gozag
Hepliaklqana
Kikubaaqudgha
Makhleb
Okawaru
Qazlal
Ru
Sif Muna
Trog
Uskayaw
Vehumet
Xom
Yredelemnul
Zin
The Shining One


Innate Abilities, Weirdness & Mutations

You are very small and have problems with some larger weapons.
You are too small for most types of armour.
You have supernaturally acute eyesight. (SInv)
You are a herbivore.
You cover ground extremely quickly.
You need consume almost no food.
Your flesh is cold resistant. (rC+)
Your flesh is heat resistant. (rF+)
Your spells are a little harder to cast, but a little more powerful.


Message History

You hit the orc wizard but do no damage.
The orc wizard is moderately wounded.
You feel sick. The orc wizard barely misses you.
The orc wizard closely misses you.
The orc hits you from afar with a trident!
* * * LOW HITPOINT WARNING * * *
You are too injured to fight recklessly!
You are too injured to fight recklessly!
You aren't carrying any potions.
Unknown command.
Unknown command.
Blink to where?
Press: ? - help, Dir - move target cursor You are very lightly contaminated with residual magic.
As you read the scroll of blinking, it crumbles to dust.
* * * LOW HITPOINT WARNING * * *
You feel sick.
As you read the scroll of teleportation, it crumbles to dust.
You feel strangely unstable.
You die...

#############.......
#............#
#...........)#
#......$$....#
#............# .#
#............#######
...##......รท......o....#
..!.[.................#
.##......@$....o........
###.#######...........
#.# #######..... #.#
..... #.# .... #.# ....
#.# ############.#
.............#


You could see an orc wizard and an orc.

Vanquished Creatures
  Eustachio (D:4)
  An orc warrior (D:3)
  2 ogres (D:4)
  A crimson imp (D:3)
  A hound (D:4)
  An orc wizard (D:3)
  Ijyb (D:3)
  2 worker ants (D:4)
  7 adders
  An ooze (D:4)
  An adder skeleton (D:4)
  2 worms (D:3)
  2 dart slugs
  6 orcs
  A ball python (D:4)
  5 giant cockroaches
  6 goblins
  4 hobgoblins
  6 jackals
  A quokka (D:3)
  5 bats
  5 frilled lizards
  18 kobolds
  A quokka skeleton (D:4)
  4 rats
85 creatures vanquished.

Notes
Turn   | Place    | Note
-------+----------+-------------------------------------------
     0 | D:1      | Proteus the Spriggan Assassin began the quest for the Orb.
     0 | D:1      | Reached XP level 1. HP: 10/10 MP: 2/2
   201 | D:1      | Reached skill level 6 in Stealth
   344 | D:1      | Reached XP level 2. HP: 14/14 MP: 3/3
   432 | D:1      | Gained mutation: Your spells are a little harder to cast, but a little more powerful. [potion of mutation]
   432 | D:1      | Gained mutation: Your flesh is cold resistant. (rC+) [potion of mutation]
   432 | D:1      | Gained mutation: Your flesh is heat resistant. (rF+) [potion of mutation]
   791 | D:1      | Reached skill level 7 in Stealth
  1123 | D:1      | Reached XP level 3. HP: 3/18 MP: 4/4
  1807 | D:2      | Reached skill level 8 in Stealth
  2237 | D:3      | Reached XP level 4. HP: 22/22 MP: 5/5
  2731 | D:3      | Reached skill level 9 in Stealth
  2834 | D:3      | Noticed an orc warrior
  2860 | D:3      | Reached XP level 5. HP: 16/25 MP: 6/6
  2881 | D:3      | Killed an orc warrior
  2881 | D:3      | Reached skill level 10 in Stealth
  3203 | D:3      | Noticed Ijyb
  3258 | D:3      | Killed Ijyb
  3258 | D:3      | Reached skill level 11 in Stealth
  3258 | D:3      | Reached XP level 6. HP: 27/30 MP: 7/7
  3930 | D:4      | Reached skill level 12 in Stealth
  3969 | D:4      | Noticed Eustachio
  4003 | D:4      | Killed Eustachio
  4003 | D:4      | Reached XP level 7. HP: 24/33 MP: 8/8
  4108 | D:4      | Learned a level 2 spell: Blink
  4130 | D:4      | Reached skill level 13 in Stealth
  4395 | D:4      | Found a staircase to the Ecumenical Temple.
  4420 | Temple   | Entered the Ecumenical Temple
  4612 | Temple   | Became a worshipper of Warmaster Okawaru
  5296 | D:5      | Entered Level 5 of the Dungeon
  5551 | D:5      | HP: 1/33 [poisoned by an orc wizard]
  5552 | D:5      | Succumbed to an orc wizard's poison

Vault maps used:
D:1:      eino_arrival_water_star
D:2:      minmay_tetromino_o2
D:3:      uniq_iyjb
D:4:      first_bread, uniq_eustachio
D:5:      nemelex_xobeh_ov_fountains_minmay
Temple:   regret_index_temple_chain_breaker

Skill      XL: |  1  2  3  4  5  6  7 |
---------------+----------------------+-----
Stealth        | 6 7 8 9 11 12 13 | 13.3
Fighting       | |  1.5
Short Blades   | |  2.2
Throwing       | |  2.0
Dodging        | |  1.5

Action                   |  1- 3 |  4- 6 |  7- 9 || total
-------------------------+-------+-------+-------++-------
Melee: Dagger            |   136 |   130 |    91 ||   357
 Fire: Blowgun           |       |    70 |     2 ||    72
  Use: Scroll            |     6 |     7 |     3 ||    16
       Potion            |     4 |       |       ||     4
 Stab: Sleeping          |     8 |    12 |     6 ||    26
       Distracted        |     1 |     1 |     1 ||     3
  Eat: Fruit             |       |     3 |       ||     3
       Royal jelly       |       |     1 |       ||     1
       Pizza             |       |     1 |       ||     1
Armor: Robe              |    16 |    12 |     8 ||    36
       Skin              |     3 |       |       ||     3
Dodge: Dodged            |   116 |    79 |    74 ||   269
